 Dungeon Crawl Stone Soup version 0.23.2-40-g277498a001 (webtiles) character file.

Game seed: 8057207037766459426

994 OrcJesus the Shield-Bearer (level 7, 5/55 HPs)
             Began as a Demonspawn Fighter on Aug 28, 2019.
             Quit the game on level 5 of the Dungeon.
             The game lasted 00:11:55 (4233 turns).

OrcJesus the Shield-Bearer (Demonspawn Fighter)     Turns: 4233, Time: 00:11:56

Health: 5/55       AC:  9    Str: 16 (18) XL:     7   Next: 99%
Magic:  7/7        EV:  7    Int:  8 (9)  God:
Gold:   354        SH:  9    Dex: 11 (13) Spells: 6/6 levels left

rFire    . . .     SeeInvis .   p - +0 whip (venom)
rCold    + . .     Gourm    .   c - +0 shield
rNeg     . . .     Faith    .   b - +0 scale mail
rPois    .         Spirit   .   (helmet restricted)
rElec    .         Reflect  .   (no cloak)
rCorr    .         Harm     .   i - +0 pair of gloves
MR       .....                  n - +0 pair of boots
Stlth    ..........             (no amulet)
HPRegen  0.18/turn              (no ring)
MPRegen  0.10/turn              (no ring)

@: lethally poisoned (5 -> -36)
A: horns 2, cold resistance 1
a: no special abilities


You were on level 5 of the Dungeon.
You were not hungry.

You visited 1 branch of the dungeon, and saw 5 of its levels.

You collected 354 gold pieces.

Inventory:

Hand Weapons
 a - a +0 war axe
 p - a +0 whip of venom (weapon)
Armour
 b - a +0 scale mail (worn)
 c - a +0 shield (worn)
 i - a +0 pair of gloves (worn)
 n - a +0 pair of boots (worn)
Wands
 l - a wand of paralysis (10)
Scrolls
 e - a scroll of enchant armour {unknown}
 h - a scroll of remove curse
 k - 9 scrolls of identify
 o - a scroll of fog {unknown}
 q - a scroll of fear {unknown}
 r - a scroll of blinking {unknown}
Potions
 d - a potion of might
 j - a potion of magic
Comestibles
 f - 8 rations


   Skills:
 + Level 4.6 Fighting
 - Level 4.7(4.8) Axes
 * Level 0.8(3.0) Maces & Flails
 + Level 4.2 Armour
 * Level 5.9 Shields


You had 6 spell levels left.
You didn't know any spells.
Your spell library was empty.

Dungeon Overview and Level Annotations

Branches:
Dungeon (5/15)
 Temple: D:4-7

Altars:
Kikubaaqudgha
Ru
Zin


Innate Abilities, Weirdness & Mutations

You have a pair of horns on your head.
Your flesh is cold resistant. (rC+)


Message History

Okay, then.
Okay, then.
You feel magically purged.
* * * LOW HITPOINT WARNING * * *
You feel very sick. You block the water moccasin's attack.
You hit the water moccasin.
The water moccasin is moderately wounded.
* * * LOW HITPOINT WARNING * * *
You feel very sick. You block the water moccasin's attack.
You closely miss the water moccasin.
Your headbutt misses the water moccasin.
The water moccasin is moderately wounded.
* * * LOW HITPOINT WARNING * * *
You feel very sick.
The water moccasin bites you but does no damage.
The water moccasin completely misses you.
Unknown command.
Are you sure you want to abandon this character and quit the game? (Confirm with "yes".)

.# .. ####
#.#####%.. #
....#.#
#.##....# #
#....<#.#.#
####.......###.
........@.≈....#
#####....S.....#
#=..........
#.......##..
#.......# .
#.?.....#
#########


You could see a water moccasin.

Vanquished Creatures
  A hippogriff (D:3)
  A sky beast (D:5)
  3 ogres (D:4)
  A centaur (D:3)
  2 hounds (D:4)
  A gnoll shaman (D:4)
  Robin (D:3)
  8 gnolls (D:4)
  2 adders (D:2)
  4 oozes
  4 worms
  2 dart slugs
  An orc (D:3)
  9 bats
  3 giant cockroaches
  46 goblins
  38 hobgoblins
  9 jackals
  A quokka (D:2)
  A ball python (D:2)
  6 frilled lizards
  7 kobolds
  7 rats
158 creatures vanquished.

Notes
Turn   | Place    | Note
-------+----------+-------------------------------------------
     0 | D:1      | OrcJesus the Demonspawn Fighter began the quest for the
                  | Orb.
     0 | D:1      | Reached XP level 1. HP: 18/18 MP: 1/1
    42 | D:1      | Reached skill level 3 in Shields
    91 | D:1      | Gained mutation: You have a pair of small horns on your
                  | head. [demonic ancestry]
    91 | D:1      | Reached XP level 2. HP: 21/24 MP: 2/2
   461 | D:1      | Found a glowing silver altar of Zin.
   687 | D:2      | Gained mutation: Your flesh is cold resistant. (rC+)
                  | [demonic ancestry]
   687 | D:2      | Reached XP level 3. HP: 20/29 MP: 3/3
  1134 | D:2      | Reached XP level 4. HP: 34/35 MP: 4/4
  1572 | D:3      | Reached skill level 4 in Shields
  1671 | D:3      | Noticed a hippogriff
  1679 | D:3      | Killed a hippogriff
  1679 | D:3      | Gained mutation: You have a pair of horns on your head.
                  | [demonic ancestry]
  1679 | D:3      | Reached XP level 5. HP: 33/42 MP: 5/5
  1679 | D:3      | Reached XP level 6. HP: 37/48 MP: 6/6
  1895 | D:3      | Noticed Robin
  1911 | D:3      | Killed Robin
  2216 | D:4      | Reached skill level 5 in Shields
  2367 | D:4      | Found a sacrificial altar of Ru.
  2504 | D:4      | Reached XP level 7. HP: 36/54 MP: 7/7
  2777 | D:4      | Found an ancient bone altar of Kikubaaqudgha.
  3523 | D:4      | HP: 1/55 [gnoll/+0 halberd (6)]
  3529 | D:4      | HP: 1/82 [poisoned by a kobold]
  3536 | D:4      | HP: 1/82 [poisoned by a kobold]
  4214 | D:5      | Entered Level 5 of the Dungeon
  4233 | D:5      | Quit the game

Skill      XL: |  1  2  3  4  5  6  7 |
---------------+----------------------+-----
Shields        | 3 4 5 |  5.9
Axes           | 2 3 4 |  4.7
Armour         | 3 4 |  4.2
Fighting       | 4 |  4.6
Maces & Flails | |  0.8

Action                   |  1- 3 |  4- 6 |  7- 9 || total
-------------------------+-------+-------+-------++-------
Melee: War axe           |   104 |   116 |   151 ||   371
       Headbutt          |    16 |    20 |    27 ||    63
       Whip              |       |       |    14 ||    14
Evoke: Wand              |       |       |     2 ||     2
  Use: Potion            |       |     4 |     3 ||     7
       Scroll            |       |       |     1 ||     1
  Eat: Chunk             |     1 |     4 |     6 ||    11
Armor: Scale mail        |    69 |    61 |    88 ||   218
       Skin              |       |       |     3 ||     3
Dodge: Dodged            |    29 |    48 |    60 ||   137
Block: Shield            |    46 |    62 |   121 ||   229
